 Dungeon Crawl Stone Soup version 0.27-a0-909-g0721f309d1 (webtiles) character file.

Game seed: 16274670107720691391

36 siradein the Stinger (level 3, 0/28 HPs)
             Began as a Naga Venom Mage on Apr 8, 2021.
             Slain by Sigmund
             ... wielding a +0 vorpal scythe
              (6 damage)
             ... on level 2 of the Dungeon.
             The game lasted 00:03:41 (1519 turns).

siradein the Stinger (Naga Venom Mage)              Turns: 1519, Time: 00:03:42

Health: 0/28       AC:  2    Str: 16    XL:     3   Next: 37%
Magic:  2/6        EV:  9    Int: 16    God:
Gold:   47         SH:  0    Dex: 11    Spells: 3/6 levels left

rFire    . . .     SeeInvis +   e - +2 short sword (speed)
rCold    . . .     Faith    .   (no shield)
rNeg     . . .     Spirit   .   h - +0 leather armour
rPois    +         Reflect  .   (no helmet)
rElec    .         Harm     .   (no cloak)
rCorr    .         Rampage  .   (no gloves)
Will     .....                  (no barding)
Stlth    ++........             (no amulet)
HPRegen  0.09/turn              g - +6 ring of strength
MPRegen  0.10/turn              (no ring)

@: very slow
A: AC +1, large, see invisible, deformed body, poison resistance, slowness 2,
spit poison 1, naga tail 1
a: Spit Poison


You were on level 2 of the Dungeon.
You visited 1 branch of the dungeon, and saw 2 of its levels.

You collected 47 gold pieces.

Inventory:

Hand Weapons
 e - a +2 short sword of speed (weapon)
Armour
 a - a +0 robe
 h - a +0 leather armour (worn)
Jewellery
 g - a +6 ring of strength (left hand)
Scrolls
 b - a scroll of teleportation {unknown}
 f - a scroll of amnesia {unknown}
Potions
 c - 2 potions of curing {unknown}
 d - a potion of flight {unknown}


   Skills:
 - Level 1.5 Dodging
 - Level 3.0 Stealth
 - Level 2.0 Spellcasting
 - Level 1.0 Transmutations
 + Level 5.8 Poison Magic


You had 3 spell levels left.
You knew the following spells:

 Your Spells              Type           Power      Damage    Failure   Level
a - Sting                 Tmut/Pois      48%        1d5       6%          1
b - Poisonous Vapours     Pois/Air       20%        N/A       12%         2

Your spell library contained the following spells:

 Spells                   Type           Power      Damage    Failure   Level
 Magic Dart               Conj           4%         1d3       26%         1
 Ignite Poison            Fire/Tmut/Pois 8%         N/A       30%         3
 Mephitic Cloud           Conj/Pois/Air  7%         N/A       34%         3
 Blink                    Tloc           N/A        N/A       36%         2
 Call Imp                 Summ           1%         N/A       36%         2
 Slow                     Hex            1%         N/A       36%         2
 Conjure Flame            Conj/Fire      1%         6-21      58%         3
 Olgreb's Toxic Radiance  Pois           20%        N/A       22%         4


Dungeon Overview and Level Annotations

Branches:
Dungeon (2/15)

Altars:

Annotations:
D:2 Sigmund


Innate Abilities, Weirdness & Mutations

Your serpentine skin is tough. (AC +1)
You have supernaturally acute eyesight. (SInv)
Armour fits poorly on your strangely shaped body.
Your system is resistant to poisons. (rPois)
You cover ground very slowly.
You can spit poison.
You have a snake-like lower body.


Message History

The adder bites you but does no damage.
You hit the adder.
You kill the adder!
Sigmund the Dreaded comes into view.
He is wielding a +0 vorpal scythe.
Sigmund shouts!
There is an open door here.
Casting: Sting (safe; 6% risk of failure)
Confirm with . or Enter, or press ? or * to list all spells.
Aiming: Poisonous Vapours (safe; 12% risk of failure)
Press: ? - help, Dir - move target, f - Sigmund
Aim: Sigmund, wielding a +0 vorpal scythe and wearing a +0 robe Poisonous vapours surround Sigmund!
Sigmund is engulfed in poison gas.
Sigmund is poisoned.
Sigmund points at you and mumbles some strange words.
The puff of flame hits you!
Aiming: Sting (safe; 6% risk of failure)
Press: ? - help, Q - select action, (/) - cycle Shift-Dir - straight line, f/p - Sigmund
Aim: Sigmund, wielding a +0 vorpal scythe and wearing a +0 robe (heavily wounded, poisoned, 32% to evade)
The sting hits Sigmund but does no damage.
Sigmund looks even sicker.
Sigmund is heavily wounded.
Aiming: Sting (safe; 6% risk of failure)
Press: ? - help, Q - select action, (/) - cycle Shift-Dir - straight line, f/p - Sigmund
Aim: Sigmund, wielding a +0 vorpal scythe and wearing a +0 robe (heavily wounded, very poisoned, 32% to evade)
The sting hits Sigmund.
Sigmund looks even sicker.
Sigmund is heavily wounded.
Sigmund points at you and mumbles some strange words.
The magic dart hits you!
There is an open door here.
Aiming: Sting (safe; 6% risk of failure)
Press: ? - help, Q - select action, (/) - cycle Shift-Dir - straight line, f/p - Sigmund
Aim: Sigmund, wielding a +0 vorpal scythe and wearing a +0 robe (severely wounded, very poisoned, 32% to evade)
The sting hits Sigmund but does no damage.
Sigmund looks as sick as possible!
Sigmund is severely wounded.
Sigmund says, "Don't worry, I'll kill you fast."
Sigmund hits you from afar with a +0 vorpal scythe!
* * * LOW HITPOINT WARNING * * *
x2 Sigmund hits you from afar with a +0 vorpal scythe.
You die...

#####
#.....#
.......
#.....#
.......
#.....#
.......
#.....#
.......
####'##
.......
#...#
####..@....
#...#
#..'.......
###.#
#.##.......
#@#####.#
#######
#.'@....#
#.#######
#.# #.# #.#
###


You could see Sigmund (extremely poisoned).

Vanquished Creatures
  An adder (D:2)
  A worm (D:2)
  A dart slug (D:1)
  2 ball pythons (D:1)
  2 endoplasms (D:1)
  A goblin (D:1)
  2 hobgoblins (D:2)
  2 quokkas
  3 bats (D:1)
  A frilled lizard (D:1)
  4 kobolds (D:1)
  A rat (D:1)
21 creatures vanquished.

Notes
Turn   | Place    | Note
-------+----------+-------------------------------------------
     0 | D:1      | siradein the Naga Venom Mage began the quest for the Orb.
     0 | D:1      | Reached XP level 1. HP: 15/15 MP: 3/3
   277 | D:1      | Reached XP level 2. HP: 14/22 MP: 0/5
   469 | D:1      | Found a faded altar of an unknown god.
   659 | D:1      | Reached skill level 5 in Poison Magic
  1210 | D:2      | Learned a level 2 spell: Poisonous Vapours
  1318 | D:2      | Reached XP level 3. HP: 28/28 MP: 4/6
  1506 | D:2      | Noticed Sigmund
  1519 | D:2      | Slain by Sigmund

Illustrated notes

Levels and vault maps discovered:
D:1:      scummos_arrival_checkerplants, layout_loops_ring,
          basic_ecumenical_altar, minivault_23, chequers_serial_rivers_micro_b
D:2:      layout_basic, uniq_robin, uniq_crazy_yiuf_cottage, uniq_sigmund

Skill      XL: |  1  2 |
---------------+-------+-----
Poison Magic   | 5 |  5.8
Dodging        | |  1.5
Stealth        | |  3.0
Spellcasting   | |  2.0
Transmutations | |  1.0

Action                   || total
-------------------------++-------
Melee: Unarmed           ||     1
       Short sword       ||     9
 Cast: Sting             ||    30
       Poisonous Vapours ||     1
 Abil: Spit Poison       ||     1
Armor: Robe              ||     6
       Leather armour    ||     3
Dodge: Dodged            ||    12

Table legend: (Time is in decaauts)
 A = Elapsed time spent in this place.
 B = Non-inter-level travel time spent in this place.
 C = Inter-level travel time spent in this place.
 D = Time resting spent in this place.
 E = Time spent auto-exploring this place.
 F = Levels seen in this place.
 G = Mean time per level.
                   A        B        C        D        E       F      G
               +--------+--------+--------+--------+--------+-----+--------+
         Total |   1811 |   1789 |     22 |      0 |   1584 |   2 |  905.5 |
       Dungeon |   1811 |   1789 |     22 |      0 |   1584 |   2 |  905.5 |
               +--------+--------+--------+--------+--------+-----+--------+

Top non-repeatable levels by time:
     D:1: 1400 daAuts
     D:2: 410 daAuts
